 Dungeon Crawl Stone Soup version 0.29.1-15-g9cfb28693d (webtiles) character file.

Game seed: 9788115953911483555

818 Hugehornet the Covert (level 7, -5/45 HPs)
             Began as an Octopode Brigand on Mar 16, 2023.
             Slain by an ogre
             ... wielding a +0 giant spiked club
              (19 damage)
             ... on level 4 of the Dungeon.
             The game lasted 00:11:01 (4823 turns).

Hugehornet the Covert (Octopode Brigand)            Turns: 4823, Time: 00:11:01

Health: -5/45      AC:  1    Str: 11    XL:     7   Next: 94%
Magic:  9/9        EV: 13    Int: 15    God:
Gold:   226        SH:  0    Dex: 13    Spells: 7/8 levels left

rFire   . . .      SeeInvis .   a - +2 dagger
rCold   . . .      Faith    .   (no shield)
rNeg    . . .      Spirit   .   (helmet restricted)
rPois   .          Reflect  .   (no amulet)
rElec   .          Harm     .   (no ring)
rCorr   .          Rampage  .   (no ring)
Will    .....                   (no ring)
Stlth   ++++++....              (no ring)
HPRegen 0.15/turn               (no ring)
MPRegen 0.11/turn               (no ring)
                                (no ring)
                                (no ring)

@: no status effects
A: almost no armour, amphibious, 8 rings, camouflage 1, gelatinous body 1,
(nimble swimmer 1), tentacles, tentacle spike 1, MP-powered wands
a: no special abilities


You were on level 4 of the Dungeon.
You visited 1 branch of the dungeon, and saw 7 of its levels.
You also visited: Sewer.

You collected 226 gold pieces.

Inventory:

Hand Weapons
 a - a +2 dagger (weapon)
 b - a +0 flail
Missiles
 c - 3 curare-tipped darts (quivered)
 n - 15 poisoned darts
Wands
 g - a wand of flame (16)
Scrolls
 k - a scroll of magic mapping {unknown}
 l - 2 scrolls of fear {unknown}
 m - a scroll of enchant armour {unknown}
 o - 4 scrolls of vulnerability {unknown}
 p - 3 scrolls of teleportation {unknown}
 r - a scroll of enchant weapon {unknown}
 t - a scroll of blinking {unknown}
 v - a scroll of identify {unknown}
 w - a scroll of butterflies {unknown}
 x - 2 scrolls of silence {unknown}
 y - a scroll of poison {unknown}
Potions
 d - a potion of mutation
 f - a potion of flight {unknown}
 h - 3 potions of lignification
 i - 2 potions of might {unknown}
 j - 2 potions of attraction {unknown}
 q - 2 potions of degeneration {unknown}
 s - a potion of cancellation {unknown}
 u - a potion of magic {unknown}


   Skills:
 + Level 2.8 Fighting
 + Level 2.8 Short Blades
 - Level 2.0 Throwing
 + Level 2.1 Dodging
 * Level 11.6 Stealth
 + Level 1.4 Spellcasting
 + Level 1.6 Air Magic


You had 7 spell levels left.
You knew the following spells:

 Your Spells              Type           Power      Damage    Failure   Level
a - Shock                 Conj/Air       12%        1d3       17%         1

Your spell library contained the following spells:

 Spells                   Type           Power      Damage    Failure   Level
 Sandblast                Erth           2%         2d4       24%         1
 Passwall                 Tmut/Erth      0%         N/A       34%         2
 Swiftness                Air            5%         N/A       36%         3
 Portal Projectile        Hex/Tloc       2%         N/A       56%         3
 Stone Arrow              Conj/Erth      2%         3d7       56%         3
 Tukima's Dance           Hex            1%         N/A       56%         3
 Airstrike                Air            2%         2d(1-17)  77%         4
 Blade Hands              Tmut           0%         N/A       100%        5


Dungeon Overview and Level Annotations

Branches:
Dungeon (7/15)              Sewer (visited)
 Temple: D:4-7

Altars:
Hepliaklqana

Shops:
D:1 ([


Innate Abilities, Weirdness & Mutations

You cannot wear most types of armour.
You are amphibious.
You can wear up to eight rings at the same time.
Your skin changes colour to match your surroundings (Stealth+).
Your rubbery body absorbs attacks. (AC +1, EV +1)
((You are camouflaged when in or above water. (Stealth+)))
You have tentacles for arms and can constrict up to eight enemies at once.
One of your tentacles bears a spike.
You expend magic power (3 MP) to strengthen your wands.


Message History

There is an open door here.
You open the door. You open the door.
Found an escape hatch in the ceiling.
No target in view!
No target in view!
No target in view!
There is an open door here.
You pick up a book of Geomancy and begin reading...
You add the spells Sandblast, Passwall and Stone Arrow to your library.
You pick up a book of Weapons and begin reading...
You add the spells Tukima's Dance, Portal Projectile and Blade Hands to your library.
y - a scroll labelled OFUTYHOTTI
Found an escape hatch in the floor.
There is an escape hatch in the floor here.
Found a ring mail.
No target in view!
You see here a +0 ring mail.
An ogre comes into view. It is wielding a +0 giant spiked club.
The ogre shouts!
You hit the ogre but do no damage.
You pierce the ogre.
Your squeeze misses the ogre.
The ogre is lightly wounded.
The ogre misses you.
You barely miss the ogre.
The ogre is lightly wounded.
You hit the ogre.
You pierce the ogre, but do no damage.
You squeeze the ogre!
The ogre is heavily wounded.
The ogre hits you with a +0 giant spiked club!!
You hit the ogre.
The ogre is heavily wounded.
You hit the ogre. You squeeze the ogre!
The ogre is almost dead.
The ogre hits you with a +0 giant spiked club!!
* * * LOW HITPOINT WARNING * * *
You are too injured to fight recklessly!
You are too injured to fight recklessly!
You feel better.
The ogre hits you with a +0 giant spiked club!!
You die...

###.......'.†.......
#>......###)........
#)##..#.####.......#
#.##..............##
#.##.#######.....##
#.##.#.....#..#'##
#.#..#.....#.##.#
#....'.....#.##.#
##.@.# #.##.##
#O#.#######.#...###
#.#................
#.##.#...#.##....##
#. #...........#.#
#. ###.###.##..#.#
#. #.# #.##..#.# #.
#.# #.###.#.# ..#
#.# #.#.##


You could see an ogre.

Vanquished Creatures
  Grinder (D:3)
  Sigmund (D:2)
  Pargi (Sewer)
  A scorpion (D:4)
  2 hounds
  2 orc priests (D:5)
  A jelly (D:6)
  7 adders
  2 river rats (D:3)
  A worm (D:3)
  A dart slug (D:1)
  2 orcs (D:5)
  5 ball pythons
  4 bats
  8 endoplasms
  3 giant cockroaches
  8 goblins
  6 hobgoblins
  7 jackals
  7 frilled lizards
  9 kobolds
  4 rats
83 creatures vanquished.

Notes
Turn   | Place    | Note
-------+----------+-------------------------------------------
     0 | D:1      | Hugehornet the Octopode Brigand began the quest for the
                  | Orb.
     0 | D:1      | Reached XP level 1. HP: 14/14 MP: 1/1
   301 | D:1      | Reached XP level 2. HP: 19/19 MP: 2/2
   342 | D:1      | Reached skill level 6 in Stealth
   395 | D:1      | Found Julio's Weapon Shoppe.
   788 | D:1      | Reached XP level 3. HP: 24/24 MP: 3/3
   845 | D:1      | Found Reukolea's Antique Armour Boutique.
  1422 | D:2      | Noticed Sigmund
  1687 | D:2      | Reached skill level 7 in Stealth
  2119 | D:2      | Killed Sigmund
  2120 | D:2      | Reached skill level 9 in Stealth
  2120 | D:2      | Reached XP level 4. HP: 29/29 MP: 4/4
  2120 | D:2      | Reached XP level 5. HP: 34/34 MP: 5/5
  2767 | D:3      | Reached XP level 6. HP: 33/39 MP: 6/6
  2782 | D:3      | Reached skill level 10 in Stealth
  2799 | D:3      | Found a glowing drain.
  2806 | Sewer    | Entered a sewer
  2907 | Sewer    | Noticed Pargi
  2914 | Sewer    | Killed Pargi
  3083 | D:3      | Learned a level 1 spell: Shock
  3209 | D:3      | Noticed Grinder
  3597 | D:3      | Gained mutation: You expend magic power (3 MP) to
                  | strengthen your wands. [potion of mutation]
  3597 | D:3      | Gained mutation: One of your tentacles bears a spike.
                  | [potion of mutation]
  3603 | D:3      | Paralysed by Grinder for 5 turns
  3618 | D:3      | Killed Grinder
  3619 | D:3      | Reached skill level 11 in Stealth
  3619 | D:3      | Reached skill level 1 in Air Magic
  3619 | D:3      | Reached XP level 7. HP: 17/45 MP: 6/8
  4275 | D:4      | Reached skill level 1 in Spellcasting
  4395 | D:4      | You fall into a shaft and drop 3 floors!
  4503 | D:5      | Entered Level 5 of the Dungeon
  4592 | D:4      | Found a hazy altar of Hepliaklqana.
  4823 | D:4      | Slain by an ogre

Illustrated notes

Levels and vault maps discovered:
D:1:      sevenhm_arrival_forest_fort_large_2, layout_basic, serial_shops,
          nicolae_shop_stone, nicolae_shop_stone
D:2:      layout_basic, minmay_misc_feat_cross, uniq_sigmund
D:3:      layout_basic, gup_sewer_entry_bubbles, hex_intersection,
          minmay_misc_feat_secret_circle, uniq_grinder
D:4:      layout_loops_corners, mainiacjoe_overflow_boulevard,
          grunt_decor_clamped, grunt_ministairs_4, nrook_mini_vaults
D:5:      minmay_chambers_of_fours, layout_basic, uniq_duvessa
D:6:      minmay_chambers_of_sixes, layout_loops_cross, cheibrodos_worm_habitat,
          nicolae_tso_carved_into_rock, amcnicky_mini_corridor_feature,
          minmay_curled_crystal, minmay_misc_feat_four_crosses
D:7:      layout_basic, minmay_temple_entry_ruins, minmay_splitting_lines,
          kennysheep_small_square, uniq_menkaure

Skill      XL: |  1  2  3  4  5  6  7 |
---------------+----------------------+-----
Stealth        | 6 9 11 | 11.6
Air Magic      | 1 |  1.6
Spellcasting   | 1 |  1.4
Dodging        | 2 |  2.1
Fighting       | |  2.8
Short Blades   | |  2.8
Throwing       | |  2.0

Action                   |  1- 3 |  4- 6 |  7- 9 || total
-------------------------+-------+-------+-------++-------
Melee: Dagger            |    59 |    51 |    34 ||   144
       Constrict         |     8 |     7 |     5 ||    20
       Tentacles         |     9 |     8 |     7 ||    24
       Punch             |     2 |       |     1 ||     3
       Kick              |       |     2 |     8 ||    10
Throw: Dart              |    12 |       |       ||    12
  Use: Potion            |     2 |     4 |     1 ||     7
 Stab: Sleeping          |    16 |    16 |    12 ||    44
Armor: Skin              |    18 |     2 |     2 ||    22
Dodge: Dodged            |    48 |    14 |    10 ||    72
